 Dungeon Crawl Stone Soup version 0.17-a0-1554-g3b847ca (webtiles) character file.

990 patman the Cruncher (level 8, -4/66 HPs)
             Began as a Kobold Gladiator on July 19, 2015.
             Was a Follower of Trog.
             Slain by a hill giant
             ... wielding a +0 giant club
              (29 damage)
             ... on level 6 of the Dungeon.
             The game lasted 00:14:29 (5406 turns).

patman the Cruncher (Kobold Gladiator)              Turns: 5406, Time: 00:14:29

Health: -4/66      AC:  8    Str: 19    XL:     8   Next: 41%
Magic:  0/8        EV: 15    Int:  6    God:    Trog [*.....]
Gold:   122        SH:  0    Dex: 18    Spells: 0 memorised, 7 levels left

rFire  . . .     SeeInvis .     a - +0 quarterstaff
rCold  . . .     Clarity  .     r - +0 ring mail
rNeg   + . .     SustAt   .     (shield restricted)
rPois  +         Gourm    .     c - +0 helmet
rElec  .         Spirit   +     i - +0 cloak
rCorr  .         Warding  .     j - +0 pair of gloves
rMut   .         Stasis   .     (no boots)
MR     .....                    v - amulet of guardian spirit
Stlth  ..........               s - ring of positive energy
                                f - ring of poison resistance

@: berserking, very quick, not resistant to hostile enchantments, extremely
unstealthy
A: carnivore 3
a: Burn Spellbooks, Berserk, Renounce Religion


You were on level 6 of the Dungeon.
You worshipped Trog.
Trog was aware of your devotion.
You were not hungry.

You visited 2 branches of the dungeon, and saw 7 of its levels.

You collected 234 gold pieces.
You spent 112 gold pieces at shops.

Inventory:

Hand weapons
 a - a +0 quarterstaff (weapon)
 A - a +0 blowgun
Missiles
 d - 2 throwing nets (quivered)
 n - 178 stones
 B - 32 poisoned needles
 G - 8 poisoned tomahawks
Armour
 c - a +0 helmet (worn)
 i - a +0 cloak (worn)
 j - a +0 pair of gloves (worn)
 r - a +0 ring mail (worn)
Jewellery
 f - a ring of poison resistance (left hand)
 s - a ring of positive energy (right hand)
 v - an amulet of guardian spirit (around neck)
Magical devices
 C - a wand of random effects (48)
Scrolls
 b - a scroll of enchant armour {unknown}
 l - a scroll of recharging
 m - 2 scrolls of remove curse
 p - 2 scrolls of random uselessness
 w - a scroll of noise
 x - a scroll of teleportation
 y - a scroll of magic mapping {unknown}
 D - a scroll of fog {unknown}
 E - a scroll of enchant weapon {unknown}
Potions
 g - 2 potions of mutation {unknown}
 h - 3 potions of curing
 k - a potion of lignification {unknown}
 o - a potion of flight {unknown}
 q - a potion of brilliance {unknown}
 t - a potion of heal wounds {unknown}
 u - 2 potions of haste
Comestibles
 e - 2 meat rations
 z - 3 beef jerkies


   Skills:
 - Level 2.1 Fighting
 + Level 8.9 Staves
 - Level 2.6 Throwing
 - Level 3.6 Dodging


You had 7 spell levels left.
You didn't know any spells.

Dungeon Overview and Level Annotations

Branches:
Dungeon (6/15)             Temple (1/1) D:5

Altars:
Ashenzari
Cheibriados
Dithmenos
Fedhas
Gozag
Makhleb
Nemelex Xobeh
Okawaru
Qazlal
Sif Muna
Trog
Xom
Yredelemnul
Zin
The Shining One

Shops:
D:6 *


Innate Abilities, Weirdness & Mutations

You are small and have problems with some larger weapons.
You are carnivorous and can eat meat at any time.


Message History

You barely miss the hill giant.
The hill giant is lightly wounded.
The goblin misses you.
You sock the hill giant!
The hill giant is moderately wounded.
You hit the hill giant.
The hill giant is moderately wounded.
The hill giant barely misses you. The goblin hits you but does no damage.
You thump the hill giant!
The hill giant is heavily wounded.
You sock the hill giant!
The hill giant is severely wounded.
The goblin misses you. The hill giant barely misses you.
You barely miss the hill giant.
The hill giant is severely wounded.
You thump the hill giant!
The hill giant is almost dead.
The goblin hits you.
The hill giant hits you with a giant club!!
You die...

# #..# #.#...............#.#
###..####.###.######......#.#
#.........................#.#
#.#.....#.###.######........#
....#.#.#.###.### #...#..###
#.#.............# ##.....#
#..............^# #....##
###............g## ##.####
#..............C@# #....#
#.#####..####.#### ####.#
..######.####.## #.#
##.......gC.C..# #.#
#.............# #######.#
#.............# #.....).#
#.............####.#######
#.............#.....###
#.....................#


You could see a hill giant and a goblin.

Vanquished Creatures
  An ogre (D:4)
  An ice beast (D:6)
  A centaur (D:5)
  A scorpion (D:5)
  A centaur zombie (D:6)
  An orc priest (D:3)
  2 hounds
  5 worker ants
  An orc wizard (D:4)
  2 iguanas
  A gnoll shaman (D:5)
  A killer bee zombie (D:5)
  A hound skeleton (D:5)
  4 gnolls (D:5)
  A worker ant zombie (D:5)
  12 adders
  2 shadow imps
  3 oozes
  An adder skeleton (D:5)
  2 worms (D:3)
  5 giant geckos
  12 orcs
  A ball python (D:2)
  7 giant cockroaches
  10 hobgoblins
  11 kobolds
  5 quokkas
  9 bats
  4 giant newts
  6 goblins
  7 jackals
  14 rats
135 creatures vanquished.

Vanquished Creatures (collateral kills)
  A ball python (D:6)
1 creature vanquished.

Grand Total: 136 creatures vanquished

Notes
Turn   | Place    | Note
--------------------------------------------------------------
     0 | D:1      | patman the Kobold Gladiator began the quest for the Orb.
     0 | D:1      | Reached XP level 1. HP: 12/12 MP: 1/1
    38 | D:1      | Reached XP level 2. HP: 15/17 MP: 2/2
   255 | D:1      | Reached XP level 3. HP: 21/21 MP: 3/3
   359 | D:1      | Found a glowing golden altar of the Shining One.
  1053 | D:2      | Reached skill level 4 in Staves
  1079 | D:2      | Reached XP level 4. HP: 17/26 MP: 4/4
  1710 | D:3      | Reached XP level 5. HP: 28/30 MP: 5/5
  1737 | D:4      | Reached skill level 5 in Staves
  2134 | D:4      | Reached XP level 6. HP: 30/35 MP: 6/6
  2520 | D:3      | Reached skill level 6 in Staves
  2839 | D:4      | Noticed an ogre
  2847 | D:4      | Killed an ogre
  3025 | D:4      | Reached XP level 7. HP: 40/40 MP: 7/7
  3133 | D:4      | Reached skill level 7 in Staves
  3604 | D:5      | Entered Level 5 of the Dungeon
  3711 | D:5      | Found a shimmering altar of Xom.
  3712 | D:5      | Noticed an angel
  3715 | D:5      | Found a glowing silver altar of Zin.
  3979 | D:5      | Reached skill level 8 in Staves
  3979 | D:5      | Reached XP level 8. HP: 29/44 MP: 8/8
  4401 | D:5      | Found a staircase to the Ecumenical Temple.
  4436 | Temple   | Entered the Ecumenical Temple
  4685 | Temple   | Became a worshipper of Trog the Wrathful
  5041 | D:6      | Found Sirye's Serpentskin Sales.
  5145 | D:6      | Bought 8 poisoned tomahawks for 112 gold pieces
  5322 | D:6      | Noticed a hill giant
  5393 | D:5      | Acquired Trog's first power
  5406 | D:6      | Slain by a hill giant

Vault maps used:
D:1:      erik_arrival_gehennom, tso_metal_star
D:4:      first_bread, hangedman_abyss_or_decor_lesser_grid
D:5:      grunt_temple_overflow_order_and_chaos_1, temple_doors_c
D:6:      gammafunk_temple_overflow_forgotten, guppyfry_shop_venom
Temple:   triangle_lava_temple_12

Action                   |  1- 3 |  4- 6 |  7- 9 || total
-------------------------+-------+-------+-------++-------
Melee: Quarterstaff      |    79 |   194 |   230 ||   503
Throw: Throwing net      |     1 |     1 |     2 ||     4
       Tomahawk          |       |     8 |     5 ||    13
Invok: Burn Spellbooks   |       |       |     1 ||     1
       Berserk           |       |       |     1 ||     1
Evoke: Wand              |       |       |     1 ||     1
  Use: Scroll            |       |     5 |     3 ||     8
 Stab: Sleeping          |     2 |       |       ||     2
       Held in net/web   |       |     1 |       ||     1
  Eat: Pizza             |     1 |     1 |       ||     2
       Chunk             |       |     5 |     4 ||     9
       Beef jerky        |       |     1 |       ||     1
       Meat ration       |       |       |     1 ||     1
